 Dungeon Crawl Stone Soup version 0.32-a0-928-g1cae6b7ea0 (webtiles) character file.

Game seed: 7506579603836847570

98 Fodor the Covered (level 4, -3/41 HPs)
             Began as a Minotaur Fighter on Apr 12, 2024.
             Killed by nerve-wracking pain
             ... invoked by Grinder
              (10 damage)
             ... on level 3 of the Dungeon.
             The game lasted 00:04:58 (1491 turns).

Fodor the Covered (Minotaur Fighter)                Turns: 1491, Time: 00:05:01

Health: -3/41      AC:  7    Str: 22 (23) XL:     4   Next: 44%
Magic:  3/3        EV:  8    Int:  2 (5)  God:
Gold:   106        SH:  0    Dex:  7 (9)  Spells: 3/3 levels left

rFire   . . .        a - +0 war axe
rCold   . . .        c - +0 buckler
rNeg    . . .        b - +0 scale mail
rPois   .            (helmet restricted)
rElec   .            (no cloak)
rCorr   +            (no gloves)
SInv    .            (no boots)
Will    +....        (no amulet) Stlth
                     k - ring of resist corrosion
HPRegen 0.26/turn    (no ring)
MPRegen 0.08/turn

%: no passive effects
@: confused, ambrosia-drunk, attractive, enlightened, flying, hasted, very quick
A: horns 2, retaliatory headbutt
a: no special abilities


You were on level 3 of the Dungeon.
You visited 1 branch of the dungeon, and saw 3 of its levels.

You collected 106 gold pieces.

Inventory:

Hand Weapons
 a - a +0 war axe (weapon)
Missiles
 f - 4 javelins (quivered)
Armour
 b - a +0 scale mail (worn)
 c - a +0 buckler (worn)
Jewellery
 k - a ring of resist corrosion (left hand)
Scrolls
 e - 3 scrolls of identify {unknown}
 h - a scroll of fear {unknown}
 i - 2 scrolls of teleportation {unknown}
 m - a scroll of noise {unknown}
 n - 3 scrolls of silence {unknown}
Potions
 d - a potion of might
 p - a potion of degeneration


   Skills:
 + Level 4.3 Fighting
 + Level 4.0 Axes
 + Level 4.5 Armour
 + Level 0.1 Dodging
 + Level 4.1 Shields


You had 3 spell levels left.
You didn't know any spells.
Your spell library was empty.

Dungeon Overview and Level Annotations

Branches:
Dungeon (3/15)

Altars:
Makhleb

Annotations:
D:3 Grinder, Terence


Innate Abilities, Weirdness & Mutations

You have a pair of horns on your head.
You reflexively headbutt those who attack you in melee.


Message History

It was a potion of haste.
You feel yourself speed up. Grinder barely misses you. You furiously retaliate!
You headbutt Grinder. Terence hits you but does no damage.
It was a potion of ambrosia.
You are confused.
You feel invigorated.
You barely miss Grinder.
Grinder is heavily wounded.
You miss Terence. Grinder hits you but does no damage.
Terence hits you with a +0 short sword.
* * * LOW HITPOINT WARNING * * *
You slash Grinder!
Grinder is severely wounded.
You hit Terence but do no damage. Terence barely misses you. Grinder hits you.
* * * LOW HITPOINT WARNING * * *
You miss Terence.
Terence is severely wounded.
You miss Grinder. Grinder hits you!
* * * LOW HITPOINT WARNING * * *
You writhe in agony.
* * * LOW HITPOINT WARNING * * *
Terence hits you with a +0 short sword.
* * * LOW HITPOINT WARNING * * *
Grinder blinks!
Terence hits you with a +0 short sword.
* * * LOW HITPOINT WARNING * * *
Grinder is attracted toward you. Grinder is attracted toward you.
You're too confused to move!
Grinder hits you.
* * * LOW HITPOINT WARNING * * *
You writhe in agony.
* * * LOW HITPOINT WARNING * * *
Terence hits you with a +0 short sword.
* * * LOW HITPOINT WARNING * * *
You miss Grinder.
Grinder is severely wounded.
You hit Terence. Grinder gestures at you. Pain shoots through your body!
You die...
Grinder says, "Hey, I wasn't done torturing you yet!"

#.# ...###.####.##.#
.........§...#.#
#........<..#.#
.#.......§...#.#
.............#.# #
#............#.########.
#.....5.....#..........
#.....@@....#........._
#.......$....).........
###########.<......†..#
##..........#
##..........
#########..........
.........#####.>#..
.......<.# ##.#..
.........# #....


You could see Grinder and Terence.

Vanquished Creatures
  Robin (D:2)
  An adder (D:2)
  4 ribbon worms (D:2)
  7 endoplasms
  A giant cockroach (D:1)
  7 hobgoblins
  2 quokkas (D:1)
  10 ball pythons
  2 bats
  A frilled lizard (D:2)
  14 goblins
  8 kobolds
  5 rats
63 creatures vanquished.

Notes
Turn   | Place    | Note
-------+----------+-------------------------------------------
     0 | D:1      | Fodor the Minotaur Fighter began the quest for the Orb.
     0 | D:1      | Reached XP level 1. HP: 19/19 MP: 0/0
   107 | D:1      | Reached XP level 2. HP: 25/27 MP: 1/1
   529 | D:2      | Noticed Robin
   530 | D:2      | Reached XP level 3. HP: 30/33 MP: 2/2
   544 | D:2      | Killed Robin
   926 | D:2      | Reached XP level 4. HP: 40/40 MP: 3/3
  1420 | D:3      | Found the crystal ball of Wucad Mu {*channel}
  1451 | D:3      | Found a burning altar of Makhleb.
  1470 | D:3      | Noticed Grinder
  1471 | D:3      | Noticed Terence
  1481 | D:3      | HP: 2/41 [Terence/+0 short sword (4)]
  1487 | D:3      | HP: 2/41 [Grinder (2)]
  1491 | D:3      | Killed from afar by Grinder

Illustrated notes

Levels and vault maps discovered:
D:1:      nicolae_arrival_memento_mori, layout_rooms
D:2:      layout_basic, kennysheep_generic_room_14, uniq_robin
D:3:      layout_rooms, bloody_makhleb, uniq_grinder, uniq_terence

Skill      XL: |  1  2  3  4 |
---------------+-------------+-----
Armour         | 4 |  4.5
Fighting       | 4 |  4.3
Axes           | 3 4 |  4.0
Shields        | 4 |  4.1
Dodging        | |  0.1

Action                     |  1- 3 |  4- 6 || total
---------------------------+-------+-------++-------
  Melee: War axe           |    71 |    46 ||   117
         Headbutt          |     8 |     6 ||    14
    Use: Potion            |       |     5 ||     5
 Armour: Scale mail        |    59 |    67 ||   126
  Dodge: Dodged            |    32 |    16 ||    48
  Block: Buckler           |    19 |     7 ||    26

Table legend: (Time is in decaauts)
 A = Elapsed time spent in this place.
 B = Non-inter-level travel time spent in this place.
 C = Inter-level travel time spent in this place.
 D = Time resting spent in this place.
 E = Time spent auto-exploring this place.
 F = Levels seen in this place.
 G = Mean time per level.
                   A        B        C        D        E       F      G
               +--------+--------+--------+--------+--------+-----+--------+
         Total |   1529 |   1529 |      0 |      0 |    851 |   3 |  509.7 |
       Dungeon |   1529 |   1529 |      0 |      0 |    851 |   3 |  509.7 |
               +--------+--------+--------+--------+--------+-----+--------+

Top non-repeatable levels by time:
     D:2: 940 daAuts
     D:1: 516 daAuts
     D:3: 72 daAuts
